 Dungeon Crawl Stone Soup version 0.31-a0-426-g3a05650e59 (webtiles) character file.

Game seed: 5884878959504670490

3252 randomguy2701 the Carver (level 9, 0/79 HPs)
             Began as a Minotaur Fighter on July 30, 2023.
             Slain by Grum
             ... wielding a -1 spear
              (7 damage)
             ... on level 8 of the Dungeon.
             The game lasted 00:09:50 (6284 turns).

randomguy2701 the Carver (Minotaur Fighter)         Turns: 6284, Time: 00:09:51

Health: 0/79       AC: 15    Str: 22    XL:     9   Next: 67%
Magic:  2/2        EV:  8    Int:  5    God:
Gold:   381        SH:  6    Dex: 16    Spells: 8/8 levels left

rFire   . . .        l - +7 long sword of Loagiz {antimagic, Fly Dex+3}
rCold   . . .        c - +0 buckler
rNeg    . . .        j - +0 plate armour
rPois   .            (helmet restricted)
rElec   .            (no cloak)
rCorr   +            (no gloves)
SInv    .            t - +0 pair of boots
Will    .....        (no amulet) Stlth
                     q - ring of resist corrosion
HPRegen 0.33/turn    (no ring)
MPRegen 0.08/turn

%: no passive effects
@: flying
A: horns 2, retaliatory headbutt
a: no special abilities


You were on level 8 of the Dungeon.
You visited 1 branch of the dungeon, and saw 8 of its levels.

You collected 381 gold pieces.

Inventory:

Hand Weapons
 a - a +0 war axe
 l - the +7 long sword of Loagiz (weapon) {antimagic, Fly Dex+3}
   (You took it off a kobold on level 2 of the Dungeon)

   Dex:       It affects your dexterity (+3).
   Fly:       It grants you flight.
Armour
 c - a +0 buckler (worn)
 j - a +0 plate armour (worn)
 t - a +0 pair of boots (worn)
Jewellery
 q - a ring of resist corrosion (left hand)
Wands
 b - a wand of paralysis (32)
 k - a wand of flame (43)
 B - a wand of polymorph (6)
Scrolls
 e - a scroll of fear {unknown}
 g - 2 scrolls of teleportation {unknown}
 m - a scroll of enchant weapon {unknown}
 n - 2 scrolls of immolation {unknown}
 p - 2 scrolls of silence {unknown}
 s - a scroll of blinking {unknown}
 w - a scroll of fog {unknown}
 x - a scroll of torment {unknown}
 y - a scroll of noise {unknown}
 z - a scroll of vulnerability {unknown}
 A - a scroll of identify
Potions
 d - 3 potions of might
 f - 4 potions of enlightenment
 h - 4 potions of haste
 o - a potion of magic
 r - 2 potions of degeneration
 u - a potion of heal wounds {unknown}
 v - 2 potions of lignification


   Skills:
 + Level 7.5 Fighting
 + Level 10.3 Long Blades
 - Level 3.6 Axes
 + Level 9.0 Armour
 + Level 3.3 Dodging
 - Level 0.3 Stealth
 + Level 6.2 Shields


You had 8 spell levels left.
You didn't know any spells.
Your spell library contained the following spells:

 Spells                   Type           Power      Damage    Failure   Level
 Sandblast                Erth           0%         2d4       100%        1
 Passwall                 Tmut/Erth      0%         N/A       100%        2
 Stone Arrow              Conj/Erth      0%         3d7       100%        3


Dungeon Overview and Level Annotations

Branches:
Dungeon (8/15)             Temple (0/1) D:6
   Lair: D:8-11

Altars:
Ashenzari
Makhleb
Nemelex Xobeh
Qazlal
Sif Muna
Trog
Wu Jian
Zin

Shops:
D:1 :   D:3 (

Annotations:
D:8 Grum


Innate Abilities, Weirdness & Mutations

You have a pair of horns on your head.
You reflexively headbutt those who attack you in melee.


Message History

* * * LOW HITPOINT WARNING * * *
The wolf bites you but does no damage. The wolf barely misses you.
Grum barely misses you.
You slash Grum!
Grum is moderately wounded.
You block the wolf's attack. The wolf bites you but does no damage.
You block the wolf's attack. The wolf bites you!
* * * LOW HITPOINT WARNING * * *
The wolf bites you but does no damage. Grum hits you but does no damage.
You slash Grum!
Grum is heavily wounded.
The wolf bites you but does no damage. The wolf bites you!
* * * LOW HITPOINT WARNING * * *
The wolf bites you but does no damage. You block the wolf's attack.
The wolf bites you.
* * * LOW HITPOINT WARNING * * *
Grum zaps a wand.
The puff of flame hits you but does no damage.
You feel better.
The wolf bites you but does no damage. x2
The wolf bites you.
* * * LOW HITPOINT WARNING * * *
The wolf bites you but does no damage. x2; Grum closely misses you.
You furiously retaliate!
You headbutt Grum. The wolf closely misses you.
You feel better.
The wolf bites you but does no damage. x4
Grum hits you with a -1 spear!
* * * LOW HITPOINT WARNING * * *
Unknown command.
You feel better.
The wolf bites you but does no damage. x2
You block the wolf's attack. The wolf barely misses you.
You furiously retaliate!
You headbutt the wolf. The wolf barely misses you. Grum barely misses you.
The wolf barely misses you. You furiously retaliate!
You headbutt the wolf! The wolf attacks as you move away!
The wolf completely misses you. You furiously retaliate!
You headbutt the wolf!
You kill the wolf!
The wolf bites you!
* * * LOW HITPOINT WARNING * * *
The wolf bites you but does no damage.
Grum hits you from afar with a -1 spear!
You die...

#.....#.....####..####
##....'....P# #..#
##...##.....# #..#
#....##+##.P##+#..####
####'# ..............#
#....##............⌠..
#..........#######...†
##.........# ###)#
#....@h†...# +...#
#.....h....# #...#
#......g...... #####
##..>###...... ......
##### ...### ###...
....# +... ...# #...
...# #... ..# #...


You could see Grum and 2 wolves.

Vanquished Creatures
  Pikel (D:8)
  A wyvern (D:8)
  A steam dragon (D:7)
  A water moccasin (D:5)
  An acid dragon (D:8)
  An orc warrior (D:6)
  Duvessa (D:4)
  3 ice beasts
  3 sky beasts
  A black bear (D:5)
  2 ogres
  A wolf (D:8)
  2 lemures (D:8)
  A bullfrog (D:7)
  3 scorpions
  Dowan (D:4)
  5 wights
  2 howler monkeys (D:8)
  8 hounds
  A sleepcap (D:5)
  4 iguanas
  An orc priest (D:6)
  Ijyb (D:5)
  3 orc wizards
  A gnoll (D:1)
  10 adders
  2 worms (D:3)
  4 dart slugs
  15 orcs
  8 ball pythons
  5 bats
  4 endoplasms
  4 giant cockroaches
  9 goblins
  11 hobgoblins
  7 jackals (D:1)
  9 kobolds
  A quokka (D:1)
  5 frilled lizards
  3 rats
147 creatures vanquished.

Notes
Turn   | Place    | Note
-------+----------+-------------------------------------------
     0 | D:1      | randomguy2701 the Minotaur Fighter began the quest for the
                  | Orb.
     0 | D:1      | Reached XP level 1. HP: 19/19 MP: 0/0
    74 | D:1      | Reached XP level 2. HP: 22/27 MP: 1/1
   238 | D:1      | Reached XP level 3. HP: 33/33 MP: 2/2
   592 | D:1      | Found Yful's Book Shoppe.
   953 | D:2      | Found a faded altar of an unknown god.
   968 | D:2      | Reached XP level 4. HP: 40/40 MP: 3/3
  1102 | D:2      | Identified the +7 long sword of Loagiz {antimagic, Fly
                  | Dex+3}
  1707 | D:3      | Found a large runed translucent door.
  1708 | D:3      | Found a large runed translucent door.
  1873 | D:3      | Found Muwkitije's Antique Weapon Shop.
  2125 | D:3      | Found a sparkling altar of Nemelex Xobeh.
  2133 | D:3      | Found a glowing silver altar of Zin.
  2243 | D:4      | Reached skill level 5 in Armour
  2249 | D:4      | Noticed Duvessa
  2250 | D:4      | Noticed Dowan
  2255 | D:4      | Killed Duvessa
  2256 | D:4      | Reached skill level 2 in Long Blades
  2256 | D:4      | Reached skill level 1 in Dodging
  2256 | D:4      | Reached XP level 5. HP: 36/47 MP: 1/4
  2257 | D:4      | Killed Dowan
  2258 | D:4      | Reached XP level 6. HP: 39/53 MP: 1/5
  2587 | D:4      | Reached skill level 3 in Long Blades
  3266 | D:5      | Entered Level 5 of the Dungeon
  3268 | D:5      | Noticed a water moccasin
  3275 | D:5      | Killed a water moccasin
  3276 | D:5      | Reached skill level 4 in Long Blades
  3286 | D:5      | HP: 2/55 [poisoned by an adder]
  3488 | D:5      | Reached skill level 5 in Fighting
  3488 | D:5      | Reached XP level 7. HP: 61/61 MP: 2/6
  3499 | D:5      | Reached skill level 5 in Long Blades
  3564 | D:5      | Found a shimmering blue altar of Sif Muna.
  3574 | D:5      | Noticed Ijyb
  3578 | D:5      | Killed Ijyb
  3624 | D:5      | Reached skill level 6 in Long Blades
  3749 | D:5      | Reached XP level 8. HP: 8/69 MP: 2/7
  4239 | D:6      | Reached skill level 7 in Long Blades
  4411 | D:6      | Found a staircase to the Ecumenical Temple.
  4472 | D:6      | Found a broken altar of Ashenzari.
  4476 | D:6      | Saw a vision of the Shoals and the Spider Nest.
  4476 | D:6      | Noticed a tarantella
  4476 | D:6      | Noticed a sea snake
  4476 | D:6      | Noticed a steelbarb worm
  4476 | D:6      | Noticed a sea snake
  4476 | D:6      | Noticed a merfolk
  4476 | D:6      | Noticed a merfolk siren
  4476 | D:6      | Noticed a pharaoh ant
  4476 | D:6      | Noticed a culicivora
  4476 | D:6      | Noticed a water nymph
  4476 | D:6      | Noticed a manticore
  4476 | D:6      | Noticed a snapping turtle
  4476 | D:6      | Noticed a manticore
  4476 | D:6      | Noticed a radroach
  4476 | D:6      | Noticed a snapping turtle
  4476 | D:6      | Noticed a snapping turtle
  4476 | D:6      | Noticed a tarantella
  4476 | D:6      | Noticed a wolf spider
  4476 | D:6      | Noticed a merfolk
  4476 | D:6      | Noticed a skyshark
  4477 | D:6      | Noticed a culicivora
  4479 | D:6      | Noticed a steelbarb worm
  4483 | D:6      | Noticed a steelbarb worm
  4487 | D:6      | Noticed a pharaoh ant
  4752 | D:6      | Reached skill level 5 in Shields
  4918 | D:6      | Reached skill level 8 in Long Blades
  5059 | D:7      | Reached XP level 9. HP: 78/78 MP: 2/8
  5271 | D:7      | Found a bloodstained altar of Trog.
  5485 | D:7      | Found a burning altar of Makhleb.
  5487 | D:7      | Noticed a cacodemon
  5712 | D:7      | Found an ornate altar of the Wu Jian Council.
  5892 | D:7      | Reached skill level 9 in Long Blades
  5955 | D:8      | Found a stormy altar of Qazlal.
  5966 | D:8      | Noticed Pikel
  5973 | D:8      | Killed Pikel
  6059 | D:8      | Reached skill level 10 in Long Blades
  6271 | D:8      | Noticed Grum
  6284 | D:8      | Slain by Grum

Illustrated notes

Levels and vault maps discovered:
D:1:      reono_arrival_forest_river, layout_basic, serial_shops, shop
D:2:      layout_rooms, ebering_ecumenical_altar_rust
D:3:      layout_basic, jmf_multi_god_temple2, serial_shops,
          nicolae_shop_just_a_little_nook
D:4:      kb_forest_paths, layout_loops_ring, uniq_duvessa
D:5:      layout_rooms, nicolae_sif_muna_condensation, minmay_misc_feat_rows,
          uniq_ijyb
D:6:      layout_cave_pools, grunt_ashenzari_visionary
          [grunt_ashenzari_visionary_shoals, grunt_ashenzari_visionary_spider],
          minmay_temple_entry_large_hall
D:7:      layout_gridville, bloody_trog, nicolae_wu_jian_immortal_techniques,
          makhleb_altar_promises_db
D:8:      corexii_shack_village, layout_gridville, grunt_qazlal_clouds,
          minmay_shop_enchanted_jewellery, uniq_grum, uniq_pikel

Skill      XL: |  1  2  3  4  5  6  7  8  9 |
---------------+----------------------------+-----
Armour         | 4 5 6 7 8 9 |  9.0
Axes           | 3 |  3.6
Fighting       | 4 5 6 7 |  7.5
Shields        | 4 5 6 |  6.2
Long Blades    | 2 4 6 8 10 | 10.3
Dodging        | 1 2 3 |  3.3
Stealth        | |  0.3

Action                     |  1- 3 |  4- 6 |  7- 9 || total
---------------------------+-------+-------+-------++-------
  Melee: War axe           |    87 |     8 |       ||    95
         Headbutt          |    10 |    13 |    39 ||    62
         Long sword        |       |    76 |   162 ||   238
    Use: Scroll            |       |       |     6 ||     6
         Potion            |       |       |     3 ||     3
 Armour: Scale mail        |    37 |    23 |       ||    60
         Chain mail        |       |     9 |    48 ||    57
         Plate armour      |       |       |    53 ||    53
  Dodge: Dodged            |    50 |    32 |    82 ||   164
  Block: Buckler           |    18 |    17 |    44 ||    79

Table legend: (Time is in decaauts)
 A = Elapsed time spent in this place.
 B = Non-inter-level travel time spent in this place.
 C = Inter-level travel time spent in this place.
 D = Time resting spent in this place.
 E = Time spent auto-exploring this place.
 F = Levels seen in this place.
 G = Mean time per level.
                   A        B        C        D        E       F      G
               +--------+--------+--------+--------+--------+-----+--------+
         Total |   6356 |   5789 |    567 |     53 |   4842 |   8 |  794.5 |
       Dungeon |   6356 |   5789 |    567 |     53 |   4842 |   8 |  794.5 |
               +--------+--------+--------+--------+--------+-----+--------+

Top non-repeatable levels by time:
     D:4: 1298 daAuts
     D:7: 924 daAuts
     D:1: 895 daAuts
     D:6: 796 daAuts
     D:5: 784 daAuts
     D:3: 731 daAuts
     D:2: 586 daAuts
     D:8: 339 daAuts
